 Dungeon Crawl Stone Soup version 0.22-a0-799-g88f5e907b7 (webtiles) character file.

84416 Htamos the Destroyer (level 14, -8/119 HPs)
             Began as a Demigod Conjurer on July 21, 2018.
             Killed from afar by a deep elf knight (36 damage)
             ... with a shard of ice
             ... on level 2 of the Elven Halls.
             The game lasted 01:27:47 (35808 turns).

Htamos the Destroyer (Demigod Conjurer)            Turns: 35808, Time: 01:27:48

Health: -8/119     AC: 18    Str: 11    XL:     14   Next: 96%
Magic:  34/34      EV: 20    Int: 21    God:
Gold:   893        SH: 12    Dex: 22    Spells: 23/36 levels left

rFire    . . .     SeeInvis .   b - staff of energy
rCold    . . .     Gourm    .   d - +2 shield {AC+3}
rNeg     . . .     Faith    .   V - +3 steam dragon scales
rPois    .         Spirit   .   p - +0 helmet
rElec    .         Reflect  .   G - +2 cloak
rCorr    .         Harm     .   q - +2 pair of gloves {archery}
MR       ++...                  n - +0 pair of boots
Stlth    +++.......             o - amulet of magic regeneration
HPRegen  0.29/turn              U - ring of protection from magic
MPRegen  0.49/turn              v - ring of wizardry

@: very slightly contaminated
A: deformed body, high mp 1
a: no special abilities


You were on level 2 of the Elven Halls.
You were not hungry.

You visited 4 branches of the dungeon, and saw 23 of its levels.
You also visited: Labyrinth.

You collected 2475 gold pieces.
You spent 1582 gold pieces at shops.

Inventory:

Hand Weapons
 a - the +11 fustibalus "Muopridi" {venom, rF+ Str+4 Int-3}
   (You found it on level 9 of the Dungeon)

   It poisons the ammo it fires.
   It affects your strength (+4).
   It affects your intelligence (-3).
   It protects you from fire.
 L - the +5 war axe of Ahoc {chop, MP+9}
   (You found it on level 8 of the Dungeon)

   It inflicts extra damage upon your enemies.
   It affects your magic capacity (+9).
 T - a +4 dagger of protection
Missiles
 S - 319 stones (quivered)
Armour
 d - a +2 shield of protection (worn)
 n - a +0 pair of boots (worn)
 p - a +0 helmet (worn)
 q - a +2 pair of gloves of archery (worn)
 y - a +0 troll leather armour
 G - a +2 cloak (worn)
 V - +3 steam dragon scales (worn)
Magical Staves
 b - an uncursed staff of energy (weapon)
Jewellery
 l - an uncursed ring of magical power
 o - an amulet of magic regeneration (around neck)
 u - an uncursed ring of resist corrosion
 v - a ring of wizardry (right hand)
 w - an uncursed ring of protection from magic
 B - a +3 ring of slaying
 O - the ring of Beipeegh {rN+ MR- AC+4 Dex+3}
   (You found it on level 1 of the Elven Halls)

   [ring of protection]

   It affects your AC (+4).
   It affects your dexterity (+3).
   It protects you from negative energy.
   It affects your resistance to hostile enchantments.
 R - an uncursed ring of wizardry
 U - a ring of protection from magic (left hand)
 X - an uncursed ring of protection from magic
Wands
 f - a wand of digging (11)
 h - a wand of random effects (19)
 i - a wand of paralysis (40)
 j - a wand of flame (69)
 r - a wand of acid (8)
 C - a wand of iceblast (19)
 N - a wand of polymorph (42)
Scrolls
 g - 2 scrolls of fear
 x - 4 scrolls of teleportation
 A - 4 scrolls of fog
 H - 5 scrolls of remove curse
 K - 3 scrolls of identify
 M - a scroll of blinking
 Q - a scroll of amnesia
 Z - 3 scrolls of magic mapping
Potions
 e - a potion of cancellation
 k - 2 potions of magic
 m - 5 potions of agility
 s - 2 potions of haste
 t - 6 potions of curing
 z - 2 potions of lignification
 D - 3 potions of flight
 E - 2 potions of brilliance
 F - 4 potions of might
 I - a potion of mutation
 W - 2 potions of berserk rage
Comestibles
 c - 28 rations


   Skills:
 + Level 9.8 Fighting
 + Level 7.9 Slings
 + Level 4.4 Armour
 + Level 10.2 Dodging
 - Level 3.0 Stealth
 * Level 6.2 Shields
 - Level 11.7 Spellcasting
 + Level 13.6 Conjurations


You had 23 spell levels left.
You knew the following spells:

 Your Spells              Type           Power        Failure   Level  Hunger
a - Magic Dart            Conj           ####         1%          1    None
b - Iskenderun's Mystic   Conj           ######..     1%          4    None
c - Fulminant Prism       Conj/Hex       #####.....   4%          4    None
d - Force Lance           Conj/Tloc      #####...     4%          4    None

Your spell library contained the following spells:

 Spells                   Type           Power        Failure   Level  Hunger
 Conjure Flame            Conj/Fire      #####...     1%          3    None
 Bolt of Magma            Conj/Fire/Erth ####......   28%         5    None
 Confuse                  Hex            ##......     21%         3    None
 Throw Frost              Conj/Ice       #####.       1%          2    None
 Freezing Cloud           Conj/Ice/Air   ####......   82%         6    None
 Mephitic Cloud           Conj/Pois/Air  ####....     3%          3    None
 Ring of Flames           Chrm/Fire      ##........   100%        7    None
 Venom Bolt               Conj/Pois      #####.....   12%         5    None
 Animate Dead             Necr           N/A          52%         4    None
 Freeze                   Ice            ##..         7%          1    None
 Summon Ice Beast         Ice/Summ       ##......     52%         4    None
 Ozocubu's Armour         Chrm/Ice       ##......     21%         3    None
 Tukima's Dance           Hex            ##......     21%         3    None
 Iron Shot                Conj/Erth      #####.....   52%         6    None
 Stone Arrow              Conj/Erth      #####.       1%          3    None
 Recall                   Summ/Tloc      N/A          21%         3    None
 Death Channel            Necr           ##........   100%        6    None
 Throw Icicle             Conj/Ice       #####...     4%          4    None
 Confusing Touch          Hex            ##....       7%          1    None
 Passwall                 Tmut/Erth      ##......     11%         2    None
 Ensorcelled Hibernation  Hex/Ice        ##....       11%         2    None
 Metabolic Englaciation   Hex/Ice        ##........   86%         5    None
 Corona                   Hex            ##.....      7%          1    None
 Lee's Rapid Deconstruct  Erth           ##........   86%         5    None
 Sandblast                Erth           ##....       7%          1    None
 Simulacrum               Ice/Necr       ##........   100%        6    None
 Petrify                  Tmut/Erth      ##......     52%         4    None
 Orb of Destruction       Conj           ######....   21%         7    None
 Iskenderun's Battlesphe  Conj/Chrm      #####...     12%         5    None
 Dazzling Spray           Conj/Hex       #####.       1%          3    None
 Searing Ray              Conj           ######       1%          2    None
 Spellforged Servitor     Conj/Summ      #####.....   96%         7    None
 Gell's Gravitas          Tloc           ##........   21%         3    None
 Yara's Violent Unravell  Hex/Tmut       ##........   86%         5    None
 Poisonous Vapours        Pois/Air       ##....       11%         2    None
 Borgnjor's Vile Clutch   Necr/Erth      ##........   86%         5    None


Dungeon Overview and Level Annotations

Branches:
Dungeon (13/15)            Temple (0/1) D:4            Lair (6/6) D:10
  Swamp (0/4) Lair:2        Snake (0/4) Lair:4        Slime (0/5) Lair:6
    Orc (2/2) D:12            Elf (2/3) Orc:2
 Vaults: D:13-14

Shops:
Orc:2 *(*=   Elf:1 =

Portals:
Trove: D:11 (give +3 storm dragon scales)


Innate Abilities, Weirdness & Mutations

You have an increased reservoir of magic. (+10% MP)
Armour fits poorly on your strangely shaped body.


Message History

There is a strange disturbance nearby!
Throwing (i - inventory)
S - 322 stones (quivered)
Press: ? - help, Shift-Dir - straight line You throw a stone.
You hear a shout!
You block something's attack.
Throwing (i - inventory)
S - 321 stones (quivered)
Press: ? - help, Shift-Dir - straight line You throw a stone.
Something hits you!
* * * LOW HITPOINT WARNING * * *
Throwing (i - inventory)
S - 320 stones (quivered)
Press: ? - help, Shift-Dir - straight line You throw a stone.
You hear some strange, mumbled words.
A shard of ice appears from out of thin air!
The shard of ice misses you.
You hear some strange, mumbled words.
A shard of ice appears from out of thin air!
The shard of ice hits you!
You die...

####.## #.........# ##.....##
##.####..(....'## ##...#'##
##.####.....##.## ######.#
##.#####'#####.## ##. ##.## #.#
##.## ## ##.###.# ##.## ### #
##.##'### ##.####.### ##'#...##
##'#.....### ##### ##(..{@##
#.........# ....#
#.......#####...})....#
....#######......)'...'.........#
....'.....'.......#####.........#
<...########.....## #.........#
....# ##...## ###.....### #####
##### ###.### ###


There were no monsters in sight!

Vanquished Creatures
  Kirke (D:12)
  A deep elf sorcerer (Elf:1)
  4 dire elephants (Lair:6)
  A minotaur (Lab)
  Fannar (D:12)
  8 hydras
  A centaur warrior (D:13)
  An anaconda (Lair:6)
  3 two-headed ogres
  11 dancing weapons
  6 orc high priests
  Sonja (Orc:2)
  3 deep elf knights
  A skeletal warrior (D:13)
  2 wizards (Elf:1)
  7 orc knights
  4 deep elf archers (Elf:1)
  An orc sorcerer (Elf:1)
  2 cyclopes
  25 deep elf magi
  2 ugly things
  2 oklob plants (Lair:2)
  A manticore (D:12)
  4 elephants (Lair:6)
  7 black mambas
  Maurice (D:8)
  3 gargoyles
  5 spiny frogs
  2 komodo dragons
  2 rime drakes
  7 trolls
  A jumping spider (shapeshifter) (Elf:2)
  12 blink frogs
  6 hippogriffs
  3 bog bodies (Lair:2)
  6 dream sheep (Lair:4)
  An air elemental (Elf:2)
  A spriggan (D:7)
  4 wyverns
  35 yaks
  A water elemental (Elf:1)
  A hog (D:12)
  A human (D:12)
  3 hungry ghosts
  Grum (D:8)
  A fire elemental (Elf:2)
  2 wargs
  A swamp worm (Lair:2)
  12 water moccasins
  A naga (Lair:4)
  A soldier ant (D:12)
  9 porcupines
  A black bear (D:9)
  15 ice beasts
  6 sky beasts
  2 necrophages
  14 wolves
  30 orc warriors
  2 phantoms
  A boggart (Elf:1)
  7 ogres
  5 centaurs
  8 crocodiles
  16 bullfrogs
  2 gnoll sergeants
  A wyvern zombie (D:6)
  A water moccasin zombie (D:5)
  3 scorpions
  13 killer bees
  10 wights
  A howler monkey (D:6)
  3 electric eels (Lair:2)
  3 crimson imps
  A bullfrog zombie (D:9)
  6 jellies
  31 orc priests
  A centaur skeleton (D:11)
  6 hounds
  17 orc wizards
  An iron imp (D:8)
  Jessica (D:3)
  3 iguanas
  2 hell rats (Lair:4)
  10 worker ants
  A killer bee zombie (D:6)
  A hound zombie (D:5)
  A hound skeleton (D:11)
  2 worker ant zombies (D:9)
  11 gnolls
  7 adders
  7 river rats (Lair:4)
  8 oozes
  3 adder skeletons
  A worm (D:4)
  2 dart slugs
  2 leopard geckos
  63 orcs
  A ball python (D:8)
  4 giant cockroaches
  9 hobgoblins
  13 jackals
  2 quokkas
  6 bats
  4 frilled lizards
  2 goblins (D:1)
  A goblin skeleton (D:8)
  2 goblin zombies (D:8)
  A hobgoblin zombie (D:8)
  4 kobolds
  2 kobold skeletons (D:8)
  A kobold zombie (D:8)
  An orc zombie (D:8)
  A quokka skeleton (D:4)
  A quokka zombie (D:10)
  2 rats
  6 plants
618 creatures vanquished.

Vanquished Creatures (collateral kills)
  A crocodile (Lair:4)
1 creature vanquished.

Vanquished Creatures (others)
  A komodo dragon (Lair:6)
  A yak (Lair:6)
  A human (D:12)
  15 fungi
  22 plants
40 creatures vanquished.

Grand Total: 659 creatures vanquished

Notes
Turn   | Place    | Note
-------+----------+-------------------------------------------
     0 | D:1      | Htamos the Demigod Conjurer began the quest for the Orb.
     0 | D:1      | Reached XP level 1. HP: 14/14 MP: 5/5
   643 | D:1      | Reached XP level 2. HP: 15/20 MP: 0/7
  1136 | D:2      | Reached skill level 4 in Conjurations
  1227 | D:2      | Reached XP level 3. HP: 26/26 MP: 0/9
  1856 | D:3      | Reached XP level 4. HP: 33/33 MP: 6/10
  1917 | D:3      | Noticed Jessica
  1920 | D:3      | Killed Jessica
  2985 | D:4      | Reached XP level 5. HP: 38/38 MP: 8/12
  3204 | D:4      | Noticed a phantom
  3218 | D:4      | Killed a phantom
  3346 | D:4      | Reached skill level 5 in Conjurations
  3372 | D:4      | Reached XP level 6. HP: 36/45 MP: 1/14
  3939 | D:4      | Found a staircase to the Ecumenical Temple.
  3939 | D:4      | Noticed a hippogriff
  3950 | D:4      | Killed a hippogriff
  3950 | D:4      | Reached skill level 1 in Fighting
  4265 | D:4      | Reached XP level 7. HP: 33/52 MP: 9/16
  4397 | D:4      | Learned a level 4 spell: Iskenderun's Mystic Blast
  4402 | D:4      | Learned a level 4 spell: Fulminant Prism
  4426 | D:5      | Entered Level 5 of the Dungeon
  4707 | D:5      | Reached skill level 6 in Conjurations
  5780 | D:5      | Reached skill level 5 in Spellcasting
  5780 | D:5      | Reached XP level 8. HP: 62/62 MP: 0/19
  6660 | D:6      | Reached skill level 7 in Conjurations
  7335 | D:7      | Noticed a hippogriff
  7339 | D:7      | Killed a hippogriff
  8064 | D:7      | Reached XP level 9. HP: 70/70 MP: 8/22
  8322 | D:7      | Reached skill level 5 in Dodging
  8728 | D:8      | Found a white marble altar of Elyvilon.
  8731 | D:8      | Found an opulent altar of Gozag.
  8780 | D:8      | Found a bloodstained altar of Trog.
  8837 | D:8      | Noticed Maurice
  8841 | D:8      | Killed Maurice
  8841 | D:8      | Reached skill level 8 in Conjurations
  9056 | D:8      | Got a slimy war axe
  9057 | D:8      | Identified the +5 war axe of Ahoc {chop, MP+9} (You found it on level 8 of the Dungeon)
  9337 | D:8      | Found a glowing golden altar of the Shining One.
  9575 | D:8      | Noticed Grum
  9582 | D:8      | Killed Grum
  9918 | D:8      | Found a sparkling altar of Nemelex Xobeh.
 10179 | D:9      | Noticed a two-headed ogre
 10521 | D:9      | Reached XP level 10. HP: 79/80 MP: 14/25
 10641 | D:9      | Killed a two-headed ogre
 10641 | D:9      | Reached skill level 5 in Fighting
 10641 | D:9      | Reached skill level 9 in Conjurations
 11121 | D:9      | Got a twisted broad axe
 11122 | D:9      | Identified the +3 broad axe of Xinwawk {chop, rPois rF- rC+ rN+} (You found it on level 9 of the Dungeon)
 12375 | D:9      | Noticed a two-headed ogre
 12381 | D:9      | Killed a two-headed ogre
 12488 | D:9      | Got an ichor-stained fustibalus
 12495 | D:9      | Got a twisted robe
 12496 | D:9      | Identified the +11 fustibalus "Muopridi" {venom, rF+ Str+4 Int-3} (You found it on level 9 of the Dungeon)
 12507 | D:9      | Identified the cursed +0 robe of the Planets {+Inv Dex+4 Stlth+} (You found it on level 9 of the Dungeon)
 12972 | D:10     | Entered Level 10 of the Dungeon
 13933 | D:10     | Found a staircase to the Lair.
 14809 | D:11     | Noticed a cyan ugly thing
 14816 | D:11     | Killed a cyan ugly thing
 14816 | D:11     | Reached skill level 1 in Slings
 14979 | D:11     | Noticed a cyclops
 14988 | D:11     | Killed a cyclops
 14988 | D:11     | Reached skill level 10 in Conjurations
 15364 | D:11     | Reached XP level 11. HP: 81/89 MP: 28/28
 16002 | D:11     | Found a portal to a secret trove of treasure.
 16112 | D:12     | Noticed Kirke
 16130 | D:12     | Killed Kirke
 16361 | D:12     | Found a staircase to the Orcish Mines.
 16459 | D:12     | Noticed Fannar
 16483 | D:12     | Killed Fannar
 17438 | D:12     | You fall through a shaft!
 17438 | D:13     | Noticed a skeletal warrior
 17438 | D:13     | Noticed a skeletal warrior
 17438 | D:13     | Noticed a skeletal warrior
 17448 | D:13     | Noticed a centaur warrior
 17478 | D:13     | Killed a centaur warrior
 17731 | D:13     | Killed a skeletal warrior
 18375 | Lair:1   | Entered Level 1 of the Lair of Beasts
 18381 | Lair:1   | Learned a level 4 spell: Force Lance
 18393 | Lair:1   | Reached skill level 11 in Conjurations
 18603 | Lair:1   | Noticed a six-headed hydra
 18608 | Lair:1   | Killed a six-headed hydra
 19276 | Lair:1   | Noticed a four-headed hydra
 19282 | Lair:1   | Killed a four-headed hydra
 19282 | Lair:1   | Reached skill level 10 in Spellcasting
 19282 | Lair:1   | Reached XP level 12. HP: 100/100 MP: 16/30
 20870 | Lair:2   | Found a staircase to the Swamp.
 21642 | Lair:2   | Noticed a seven-headed hydra
 21710 | Lair:2   | Killed a seven-headed hydra
 23930 | Lair:4   | Noticed a seven-headed hydra
 23950 | Lair:4   | Killed a seven-headed hydra
 23950 | Lair:4   | Reached skill level 5 in Slings
 24013 | Lair:4   | Reached skill level 12 in Conjurations
 24268 | Lair:4   | Found a staircase to the Snake Pit.
 24518 | Lair:4   | Noticed an eight-headed hydra
 24522 | Lair:4   | Killed an eight-headed hydra
 25223 | Lair:5   | Found a frozen archway.
 25315 | Lair:5   | Noticed a four-headed hydra
 25321 | Lair:5   | Killed a four-headed hydra
 25389 | Lair:5   | Reached XP level 13. HP: 107/107 MP: 27/32
 26460 | Lair:6   | Entered Level 6 of the Lair of Beasts
 26564 | Lair:6   | Found a staircase to the Slime Pits.
 28400 | Lair:6   | Noticed a dire elephant
 28400 | Lair:6   | Noticed a dire elephant
 28433 | Lair:6   | Killed a dire elephant
 28443 | Lair:6   | Killed a dire elephant
 28806 | Lair:6   | Noticed a dire elephant
 28808 | Lair:6   | Noticed a dire elephant
 28828 | Lair:6   | Killed a dire elephant
 28829 | Lair:6   | Killed a dire elephant
 29202 | Orc:1    | Entered Level 1 of the Orcish Mines
 29215 | D:12     | Reached skill level 13 in Conjurations
 29798 | Orc:1    | Found a roughly hewn altar of Beogh.
 29837 | Orc:1    | Reached skill level 1 in Shields
 29995 | Orc:1    | Found a roughly hewn altar of Beogh.
 30232 | Orc:2    | Entered Level 2 of the Orcish Mines
 30263 | Orc:2    | Reached skill level 1 in Armour
 30264 | Orc:2    | Found a labyrinth entrance.
 30283 | Lab      | Entered a labyrinth
 30576 | Lab      | Noticed a minotaur
 30593 | Lab      | Killed a minotaur
 30776 | Orc:2    | Noticed Sonja
 30785 | Orc:2    | Found Medogiz's Weapon Emporium.
 30786 | Orc:2    | Found Quloulur's Assorted Antiques.
 30787 | Orc:2    | Found Wucleror's Jewellery Emporium.
 30787 | Orc:2    | Found Sioqazos's General Store.
 30795 | Orc:2    | Bought an uncursed ring of wizardry for 450 gold pieces
 30795 | Orc:2    | Bought a scroll of identify for 30 gold pieces
 30802 | Orc:2    | Bought a scroll of enchant armour for 202 gold pieces
 30803 | Orc:2    | Bought an uncursed ring of wizardry for 450 gold pieces
 30831 | Orc:2    | Killed Sonja
 30831 | Orc:2    | Reached XP level 14. HP: 58/116 MP: 34/34
 31830 | Orc:2    | Gained mutation: Armour fits poorly on your strangely shaped body. [a neqoxec]
 32301 | Orc:2    | Found a staircase to the Elven Halls.
 32772 | Orc:2    | Found a roughly hewn altar of Beogh.
 32945 | Elf:1    | Entered Level 1 of the Elven Halls
 33136 | Elf:1    | Got a crude bronze ring
 33143 | Elf:1    | Identified the ring of Beipeegh {rN+ MR- AC+4 Dex+3} (You found it on level 1 of the Elven Halls)
 33462 | Elf:1    | Noticed a deep elf sorcerer
 33469 | Elf:1    | Killed a deep elf sorcerer
 33532 | Elf:1    | Reached skill level 5 in Shields
 33613 | Elf:1    | Reached skill level 10 in Dodging
 33906 | Elf:1    | HP: 1/118 [deep elf archer/arrow (27)]
 34261 | Elf:1    | Found Metick's Jewellery Emporium.
 34371 | Elf:1    | Bought an uncursed amulet of magic regeneration for 450 gold pieces
 34683 | Elf:2    | Found a runed gate.
 34683 | Elf:2    | Found a runed gate.
 34683 | Elf:2    | Found a runed gate.
 35808 | Elf:2    | Killed from afar by a deep elf knight

Vault maps used:
D:1:      lightli_arrival_maybe_door_vault
D:3:      uniq_jessica
D:4:      cheibrodos_quashed, minmay_temple_entry_overgrown, first_ration
D:6:      kennysheep_generic_room_11
D:7:      the_bakery
D:8:      grunt_temple_overflow_open, kennysheep_little_box, elyvilon_altar_5,
          nicolae_tso_besieged_by_evil, uniq_grum, uniq_maurice
D:9:      kennysheep_windowed_halls
D:10:     lair_entry_dummy
D:11:     enter_trove_6
D:12:     orc_0_dummy, uniq_kirke, uniq_fannar
D:13:     hangedman_vaults_entry_quadrant_bands, serial_corexii_hall,
          corexii_hall_statues_x, corexii_hall_statues_t, uniq_frances
Lair:1:   nicolae_volcano_entry_lava_flow, grunt_megastairs_1,
          infiniplex_staircase_pool
Lair:2:   nicolae_swamp_entry_splash_gauntlet, columned_hall_lemuel,
          serial_bayou_lagoon_b, lemuel_fruit_fields, minmay_lair_oklob_chamber
Lair:4:   guppyfry_snake_entry_island, kennysheep_rathole
Lair:5:   portal_ice_cave_entry_ice_beasts, patterned_corridor
Lair:6:   due_jungle_book, nicolae_slime_entry_slimehenge
Orc:1:    basic_altar, david_defended_altar_orc
Orc:2:    st_orc_pillars, lab_entry_generic, minmay_orc_temple_b, uniq_sonja
Elf:1:    serial_shops, nicolae_shop_waterfront, hangedman_elf_disciples
Lab:      labyrinth_skeletal_remains

Skill      XL: |  1  2  3  4  5  6  7  8  9 10 11 12 13 14 |
---------------+-------------------------------------------+-----
Spellcasting   | 2 3 4 5 6 7 8 10 11 | 11.7
Dodging        | 2 3 4 5 6 7 8 9 10 | 10.2
Stealth        | 2 3 |  3.0
Conjurations   | 4 5 6 7 8 10 11 12 13 | 13.6
Fighting       | 1 2 3 4 5 7 8 9 |  9.8
Slings         | 1 3 5 6 7 |  7.9
Shields        | 2 6 |  6.2
Armour         | 1 4 |  4.4

Action                   |  1- 3 |  4- 6 |  7- 9 | 10-12 | 13-15 || total
-------------------------+-------+-------+-------+-------+-------++-------
Melee: Unarmed           |     2 |       |       |       |       ||     2
       Dagger            |       |    52 |    34 |       |       ||    86
       Staff             |       |       |    10 |     1 |   167 ||   178
       War axe           |       |       |     2 |     1 |       ||     3
       Fustibalus        |       |       |       |     1 |       ||     1
 Fire: Fustibalus        |       |       |       |   309 |   814 ||  1123
Throw: Throwing net      |       |       |       |     2 |       ||     2
       Stone             |       |       |       |     2 |    31 ||    33
       Tomahawk          |       |       |       |     2 |       ||     2
 Cast: Magic Dart        |    77 |   150 |   246 |   321 |    48 ||   842
       Iskenderun's Myst |       |       |    68 |   162 |    41 ||   271
Evoke: Wand              |       |     4 |    25 |       |     2 ||    31
  Use: Scroll            |     2 |     8 |     9 |    22 |    17 ||    58
       Potion            |       |     1 |     1 |     4 |     7 ||    13
  Eat: Chunk             |     3 |     6 |    22 |    33 |    27 ||    91
       Ration            |       |       |     1 |     8 |     2 ||    11
Armor: Robe              |     4 |    16 |    33 |    77 |       ||   130
       Steam dragon scal |       |       |       |       |   120 ||   120
       Skin              |       |       |       |       |    18 ||    18
Dodge: Dodged            |     6 |    42 |    75 |   247 |   291 ||   661
Block: Shield            |       |       |       |    50 |   283 ||   333

Table legend:
 A = Spawn XP
 B = Non-spawn XP
 C = Spawn XP percentage of total XP
 D = Spawn monster count
 E = Non-spawn monster count
 F = Spawn count percentage of total count
 G = Total turns spent on level
                    A         B        C        D         E        F      G
               +---------+---------+-------+---------+---------+-------+---------
         Total |       0 |  120595 |   0.0 |       0 |     612 |   0.0 | 35808
               +---------+---------+-------+---------+---------+-------+---------
           D:1 |       0 |      16 |   0.0 |       0 |      11 |   0.0 |   830
           D:2 |       0 |      45 |   0.0 |       0 |      12 |   0.0 |   866
           D:3 |       0 |     169 |   0.0 |       0 |      23 |   0.0 |  1281
           D:4 |       0 |     752 |   0.0 |       0 |      33 |   0.0 |  1449
           D:5 |       0 |     724 |   0.0 |       0 |      19 |   0.0 |  1585
           D:6 |       0 |     773 |   0.0 |       0 |      16 |   0.0 |  1368
           D:7 |       0 |    1287 |   0.0 |       0 |      14 |   0.0 |  1503
           D:8 |       0 |    1757 |   0.0 |       0 |      27 |   0.0 |  1304
           D:9 |       0 |    4948 |   0.0 |       0 |      43 |   0.0 |  2786
          D:10 |       0 |     966 |   0.0 |       0 |      19 |   0.0 |  1686
          D:11 |       0 |    3247 |   0.0 |       0 |      23 |   0.0 |  1574
          D:12 |       0 |    8199 |   0.0 |       0 |      41 |   0.0 |  2296
          D:13 |       0 |    1842 |   0.0 |       0 |       3 |   0.0 |   334
        Lair:1 |       0 |    4990 |   0.0 |       0 |      14 |   0.0 |  1691
        Lair:2 |       0 |    6847 |   0.0 |       0 |      29 |   0.0 |  2352
        Lair:3 |       0 |    1446 |   0.0 |       0 |       9 |   0.0 |  1477
        Lair:4 |       0 |    6082 |   0.0 |       0 |      30 |   0.0 |  1318
        Lair:5 |       0 |    7803 |   0.0 |       0 |      36 |   0.0 |  1328
        Lair:6 |       0 |   16961 |   0.0 |       0 |      54 |   0.0 |  2571
         Orc:1 |       0 |    4106 |   0.0 |       0 |      26 |   0.0 |  1192
         Orc:2 |       0 |   12623 |   0.0 |       0 |      77 |   0.0 |  1708
         Elf:1 |       0 |   19704 |   0.0 |       0 |      31 |   0.0 |  1543
         Elf:2 |       0 |   14047 |   0.0 |       0 |      21 |   0.0 |  1320
           Lab |       0 |    1261 |   0.0 |       0 |       1 |   0.0 |   446
               +---------+---------+-------+---------+---------+-------+---------
